TOP OF THE 1ST |
Washington Huskies batting - Pitching for Miami Hurricanes : RHP Mike Murray
|
Pitching: RHP Mike Murray
|
|
Batting: RHB Mario Rodríguez
|
0-0: Foul Ball, location: 2F 0-1: SOLO HOME RUN (Line Drive, 7LD), Distance : 338 ft
|
Batting: RHB Samuel Robbins
|
0-0: Fly out, F8 (Flyball, 78M)
|
Batting: RHB Carlos Sousa
|
0-0: Swinging Strike 0-1: Swinging Strike 0-2: Fly out, F5 (Popup, 5S)
|
Batting: RHB Ben Johnson
|
0-0: Ball 1-0: Ball 2-0: Called Strike 2-1: Ground out 6-3 (Groundball, 6)
|
Top of the 1st over - 1 run(s), 1 hit(s), 0 error(s), 0 left on base; Washington 1 - Miami 0 |
BOTTOM OF THE 1ST |
Miami Hurricanes batting - Pitching for Washington Huskies : RHP Jeff Nelson
|
Pitching: RHP Jeff Nelson
|
|
Batting: RHB A.C. Carlson
|
0-0: Called Strike 0-1: Ball 1-1: Called Strike 1-2: Strikes out swinging
|
Batting: LHB Reginald Rush
|
0-0: Foul Ball, location: 2F 0-1: Ball 1-1: Ball 2-1: DOUBLE (Line Drive, 7LM)
|
Batting: RHB Eric Hawkins
|
0-0: Called Strike 0-1: Swinging Strike 0-2: Strikes out swinging
|
Batting: LHB Andrew Holt
|
0-0: Ball 1-0: SINGLE (Line Drive, 34D) Reginald Rush to third Runner from 3rd tries for Home, SAFE, no throw
|
Batting: RHB Stephen Segura
|
Pickoff Throw to First - Error! E1 Andrew Holt to second 0-0: Ball Wild Pitch! Andrew Holt to third 1-0: Fly out, F6 (Line Drive, 56)
|
Bottom of the 1st over - 1 run(s), 2 hit(s), 1 error(s), 1 left on base; Washington 1 - Miami 1 |
TOP OF THE 2ND |
Washington Huskies batting - Pitching for Miami Hurricanes : RHP Mike Murray
|
Batting: RHB Jake Townsend
|
0-0: Called Strike 0-1: Ball 1-1: Ball 2-1: Ball 3-1: Base on Balls
|
Batting: RHB Tomás Fernández
|
0-0: Ball 1-0: Called Strike 1-1: Fly out, F9 (Line Drive, 89M)
|
Batting: SHB Pedro Sousa
|
0-0: Called Strike Jake Townsend steals 2nd base 0-1: SINGLE (Flyball, 89M) Jake Townsend to third Runner from 3rd tries for Home, SAFE, no throw
|
Batting: RHB Roberto Silva
|
0-0: SINGLE (Line Drive, 6MD) Pedro Sousa to second
|
Batting: RHB Erik Carbajal
|
0-0: Called Strike 0-1: Called Strike 0-2: Ball 1-2: Fielders Choice at 2nd, 6-4 (Groundball, 56) Pedro Sousa to third
|
Batting: RHB Mario Rodríguez
|
0-0: Fly out, F7 (Flyball, 7)
|
Top of the 2nd over - 1 run(s), 2 hit(s), 0 error(s), 2 left on base; Washington 2 - Miami 1 |
BOTTOM OF THE 2ND |
Miami Hurricanes batting - Pitching for Washington Huskies : RHP Jeff Nelson
|
Batting: LHB Mario Pérez
|
0-0: Called Strike 0-1: Called Strike 0-2: Ball 1-2: Foul Ball, location: 2F 1-2: Strikes out swinging
|
Batting: RHB Zane Heath
|
0-0: Ball 1-0: Ground out 5-3 (Groundball, 56D)
|
Batting: RHB Eric Hillman
|
0-0: Swinging Strike 0-1: Ball 1-1: Foul Ball, location: 2F 1-2: Reached on error, E4 (Groundball, 4)
|
Batting: RHB Kevin Magee
|
0-0: Called Strike 0-1: SINGLE (Groundball, 56D) Eric Hillman to second
|
Batting: RHB A.C. Carlson
|
0-0: Called Strike 0-1: SINGLE (Groundball, 4D) Eric Hillman to third Kevin Magee to second Runner from 3rd tries for Home, SAFE, throw made at trailing runner, SAFE at third!
|
Batting: LHB Reginald Rush
|
0-0: Ball 1-0: Ball 2-0: Foul Ball, location: 2F 2-1: Ball 3-1: Called Strike 3-2: Base on Balls A.C. Carlson to second
|
Batting: RHB Eric Hawkins
|
0-0: Swinging Strike 0-1: Swinging Strike 0-2: Foul Ball, location: 2F 0-2: Strikes out swinging
|
Bottom of the 2nd over - 1 run(s), 2 hit(s), 1 error(s), 3 left on base; Washington 2 - Miami 2 |
TOP OF THE 3RD |
Washington Huskies batting - Pitching for Miami Hurricanes : RHP Mike Murray
|
Batting: RHB Samuel Robbins
|
0-0: Ground out 6-3 (Groundball, 56)
|
Batting: RHB Carlos Sousa
|
0-0: SINGLE (Line Drive, 8RS)
|
Batting: RHB Ben Johnson
|
Pickoff Throw to First - Out! 0-0: Foul Ball, location: 2F 0-1: Called Strike 0-2: Ball 1-2: SINGLE (Line Drive, 6)
|
Batting: RHB Jake Townsend
|
0-0: Swinging Strike 0-1: Ball 1-1: Foul Ball, location: 2F 1-2: Strikes out looking
|
Top of the 3rd over - 0 run(s), 2 hit(s), 0 error(s), 1 left on base; Washington 2 - Miami 2 |
BOTTOM OF THE 3RD |
Miami Hurricanes batting - Pitching for Washington Huskies : RHP Jeff Nelson
|
Batting: LHB Andrew Holt
|
0-0: Ball 1-0: Ball 2-0: Foul Ball, location: 2F 2-1: Called Strike 2-2: Ball 3-2: Foul Ball, location: 2F 3-2: Fly out, F4 (Popup, 34D)
|
Batting: RHB Stephen Segura
|
0-0: Ground out 6-3 (Groundball, 6)
|
Batting: LHB Mario Pérez
|
0-0: Ball 1-0: Called Strike 1-1: Called Strike 1-2: Ball 2-2: Ground out 6-3 (Groundball, 6)
|
Bottom of the 3rd over - 0 run(s), 0 hit(s), 0 error(s), 0 left on base; Washington 2 - Miami 2 |
TOP OF THE 4TH |
Washington Huskies batting - Pitching for Miami Hurricanes : RHP Mike Murray
|
Batting: RHB Tomás Fernández
|
0-0: Called Strike 0-1: Foul Ball, location: 2F 0-2: Foul Ball, location: 2F 0-2: Ball 1-2: SOLO HOME RUN (Flyball, 78XD), Distance : 379 ft
|
Batting: SHB Pedro Sousa
|
0-0: Called Strike 0-1: Foul Ball, location: 2F 0-2: Ball 1-2: Foul Ball, location: 2F 1-2: Strikes out swinging
|
Batting: RHB Roberto Silva
|
0-0: Ball 1-0: Ball 2-0: Called Strike 2-1: Ball 3-1: Called Strike 3-2: Base on Balls
|
Batting: RHB Erik Carbajal
|
0-0: Called Strike 0-1: Foul Ball, location: 2F 0-2: Strikes out looking
|
Batting: RHB Mario Rodríguez
|
0-0: Foul Ball, location: 2F 0-1: Swinging Strike 0-2: Ball 1-2: Ball Roberto Silva steals 2nd base 2-2: Ball Passed Ball! Roberto Silva to third 3-2: SINGLE (Line Drive, 34D) Roberto Silva scores
|
Batting: RHB Samuel Robbins
|
0-0: Ball 1-0: Foul Ball, location: 2F 1-1: Swinging Strike 1-2: Strikes out swinging
|
Top of the 4th over - 2 run(s), 2 hit(s), 0 error(s), 1 left on base; Washington 4 - Miami 2 |
BOTTOM OF THE 4TH |
Miami Hurricanes batting - Pitching for Washington Huskies : RHP Jeff Nelson
|
Batting: RHB Zane Heath
|
0-0: Called Strike 0-1: Hit by Pitch
|
Batting: RHB Eric Hillman
|
0-0: Ball 1-0: Swinging Strike 1-1: Ball 2-1: Grounds into double play, 6-4-3 (Groundball, 6)
|
Batting: RHB Kevin Magee
|
0-0: Called Strike 0-1: Ball 1-1: Swinging Strike 1-2: Foul Ball, location: 2F 1-2: Foul Ball, location: 2F 1-2: Ball 2-2: Strikes out swinging
|
Bottom of the 4th over - 0 run(s), 0 hit(s), 0 error(s), 0 left on base; Washington 4 - Miami 2 |
TOP OF THE 5TH |
Washington Huskies batting - Pitching for Miami Hurricanes : RHP Mike Murray
|
Batting: RHB Carlos Sousa
|
0-0: Ground out 6-3 (Groundball, 56)
|
Batting: RHB Ben Johnson
|
0-0: Ball 1-0: Ball 2-0: Foul Ball, location: 2F 2-1: Ball 3-1: Ground out 4-3 (Groundball, 4)
|
Batting: RHB Jake Townsend
|
0-0: Swinging Strike 0-1: Foul Ball, location: 2F 0-2: Strikes out swinging
|
Top of the 5th over - 0 run(s), 0 hit(s), 0 error(s), 0 left on base; Washington 4 - Miami 2 |
BOTTOM OF THE 5TH |
Miami Hurricanes batting - Pitching for Washington Huskies : RHP Jeff Nelson
|
Batting: RHB A.C. Carlson
|
0-0: Called Strike 0-1: Called Strike 0-2: Foul Ball, location: 2F 0-2: Ball 1-2: Strikes out looking
|
Batting: LHB Reginald Rush
|
0-0: Ball 1-0: Called Strike 1-1: Ball 2-1: Foul Ball, location: 2F 2-2: Ball 3-2: SINGLE (Flyball, 89S)
|
Batting: RHB Eric Hawkins
|
0-0: Ball 1-0: Fly out, F7 (Flyball, 7)
|
Batting: LHB Andrew Holt
|
0-0: Ball 1-0: Swinging Strike 1-1: Foul Ball, location: 2F 1-2: Strikes out swinging
|
Bottom of the 5th over - 0 run(s), 1 hit(s), 0 error(s), 1 left on base; Washington 4 - Miami 2 |
TOP OF THE 6TH |
Washington Huskies batting - Pitching for Miami Hurricanes : RHP Mike Murray
|
Batting: RHB Tomás Fernández
|
0-0: Called Strike 0-1: Ball 1-1: Ball 2-1: Swinging Strike 2-2: Strikes out swinging
|
Batting: SHB Pedro Sousa
|
0-0: Ball 1-0: Ball 2-0: Fly out, F8 (Flyball, 8LM)
|
Batting: RHB Roberto Silva
|
0-0: Ball 1-0: Ball 2-0: Foul Ball, location: 2F 2-1: Foul Ball, location: 2F 2-2: Ground out 5-3 (Groundball, 5D)
|
Top of the 6th over - 0 run(s), 0 hit(s), 0 error(s), 0 left on base; Washington 4 - Miami 2 |
BOTTOM OF THE 6TH |
Miami Hurricanes batting - Pitching for Washington Huskies : RHP Jeff Nelson
|
Pitching: RHP Charlie Mobley
|
|
Batting: RHB Stephen Segura
|
0-0: Foul Ball, location: 2F 0-1: Reached on error, E6 (Groundball, 6)
|
Batting: LHB Mario Pérez
|
0-0: SINGLE (Groundball, 4) (infield hit) Stephen Segura to second
|
Batting: RHB Zane Heath
|
0-0: Called Strike 0-1: Ball 1-1: Ball 2-1: Swinging Strike 2-2: Foul Ball, location: 2F 2-2: Strikes out looking
|
Batting: RHB Eric Hillman
|
0-0: Ball 1-0: Ball 2-0: Ball 3-0: Called Strike 3-1: Base on Balls Stephen Segura to third Mario Pérez to second
|
Batting: RHB Kevin Magee
|
0-0: Called Strike 0-1: Ball 1-1: Swinging Strike 1-2: Fly out, F9 (Flyball, 9LS)
|
Batting: RHB A.C. Carlson
|
0-0: Called Strike 0-1: Swinging Strike 0-2: Ball 1-2: Foul Ball, location: 2F 1-2: Fly out, F7 (Line Drive, 78M)
|
Bottom of the 6th over - 0 run(s), 1 hit(s), 1 error(s), 3 left on base; Washington 4 - Miami 2 |
TOP OF THE 7TH |
Washington Huskies batting - Pitching for Miami Hurricanes : RHP Mike Murray
|
Pitching: RHP Leonard Peters
|
|
Batting: RHB Erik Carbajal
|
0-0: Swinging Strike 0-1: Ball 1-1: Ball 2-1: Ball 3-1: Base on Balls
|
Batting: RHB Mario Rodríguez
|
0-0: Foul Ball, location: 2F 0-1: Bunted foul 0-2: Ball 1-2: Foul Ball, location: 2F 1-2: Ball 2-2: Ball 3-2: TRIPLE (Line Drive, 78M) Erik Carbajal scores
|
Batting: RHB Samuel Robbins
|
0-0: Ball 1-0: Called Strike 1-1: Foul Ball, location: 2F 1-2: Ball 2-2: Strikes out looking
|
Batting: RHB Carlos Sousa
|
0-0: Intentional Walk
|
Batting: RHB Ben Johnson
|
0-0: Called Strike 0-1: Foul Ball, location: 2F 0-2: Ball 1-2: Grounds into double play, 6-4-3 (Groundball, 6)
|
Top of the 7th over - 1 run(s), 1 hit(s), 0 error(s), 1 left on base; Washington 5 - Miami 2 |
BOTTOM OF THE 7TH |
Miami Hurricanes batting - Pitching for Washington Huskies : RHP Charlie Mobley
|
Batting: LHB Reginald Rush
|
0-0: Ball 1-0: Called Strike 1-1: SINGLE (Line Drive, 8RS)
|
Batting: RHB Eric Hawkins
|
0-0: Called Strike 0-1: Called Strike 0-2: Fly out, F9 (Flyball, 9)
|
Batting: LHB Andrew Holt
|
0-0: Ball 1-0: Ball 2-0: Swinging Strike 2-1: Called Strike 2-2: Strikes out swinging
|
Batting: RHB Stephen Segura
|
0-0: Called Strike 0-1: Ball 1-1: Called Strike 1-2: Fly out, F7 (Flyball, 7LMF)
|
Bottom of the 7th over - 0 run(s), 1 hit(s), 0 error(s), 1 left on base; Washington 5 - Miami 2 |
TOP OF THE 8TH |
Washington Huskies batting - Pitching for Miami Hurricanes : RHP Leonard Peters
|
Batting: RHB Jake Townsend
|
0-0: Ball 1-0: SINGLE (Line Drive, 7S)
|
Batting: RHB Tomás Fernández
|
0-0: Ball Jake Townsend steals 2nd base 1-0: Intentional Walk
|
Batting: SHB Pedro Sousa
|
0-0: Sac Bunt - play at first, batter OUT! 1-3 Jake Townsend to third Tomás Fernández to second
|
Batting: RHB Roberto Silva
|
0-0: Called Strike 0-1: Foul Ball, location: 2F 0-2: Strikes out swinging
|
Batting: RHB Erik Carbajal
|
0-0: Ground out 5-3 (Groundball, 56)
|
Top of the 8th over - 0 run(s), 1 hit(s), 0 error(s), 2 left on base; Washington 5 - Miami 2 |
BOTTOM OF THE 8TH |
Miami Hurricanes batting - Pitching for Washington Huskies : RHP Charlie Mobley
|
Batting: LHB Mario Pérez
|
0-0: Called Strike 0-1: Ball 1-1: Called Strike 1-2: Ball 2-2: Ground out 4-3 (Groundball, 4)
|
Batting: RHB Zane Heath
|
0-0: Called Strike 0-1: Ball 1-1: Ball 2-1: Ball 3-1: Reached on error, E6 (Groundball, 6)
|
Pitching: RHP António Corrigan
|
|
Batting: RHB Eric Hillman
|
0-0: Called Strike 0-1: Ball 1-1: Ball 2-1: Swinging Strike 2-2: Foul Ball, location: 2F 2-2: Foul Ball, location: 2F 2-2: Grounds into double play, 6-4-3 (Groundball, 6)
|
Bottom of the 8th over - 0 run(s), 0 hit(s), 1 error(s), 0 left on base; Washington 5 - Miami 2 |
TOP OF THE 9TH |
Washington Huskies batting - Pitching for Miami Hurricanes : RHP Leonard Peters
|
Batting: RHB Mario Rodríguez
|
0-0: Swinging Strike 0-1: Ball 1-1: Called Strike 1-2: SINGLE (Groundball, 6MD)
|
Batting: RHB Samuel Robbins
|
0-0: Sac Bunt - play at first, batter OUT! 3-4 Mario Rodríguez to second
|
Batting: RHB Carlos Sousa
|
0-0: Intentional Walk
|
Batting: RHB Ben Johnson
|
0-0: Ball 1-0: SINGLE (Groundball, 56D) Mario Rodríguez to third Carlos Sousa to second Runner from 3rd tries for Home, SAFE, no throw
|
Pitching: LHP George Brennan
|
|
Batting: RHB Jake Townsend
|
0-0: Ball 1-0: Ball 2-0: Called Strike 2-1: Swinging Strike 2-2: Strikes out looking
|
Batting: RHB Tomás Fernández
|
0-0: Ball 1-0: Ball 2-0: Ball 3-0: Base on Balls Carlos Sousa to third Ben Johnson to second
|
Batting: SHB Pedro Sousa
|
0-0: Called Strike 0-1: SINGLE (Line Drive, 4D) Carlos Sousa scores Ben Johnson to third Tomás Fernández to second
|
Batting: RHB Roberto Silva
|
0-0: Called Strike 0-1: Fly out, F8 (Flyball, 8RS)
|
Top of the 9th over - 2 run(s), 3 hit(s), 0 error(s), 3 left on base; Washington 7 - Miami 2 |
BOTTOM OF THE 9TH |
Miami Hurricanes batting - Pitching for Washington Huskies : RHP António Corrigan
|
Now at 3B: Jack Dean
|
|
Batting: RHB Kevin Magee
|
0-0: Foul Ball, location: 2F 0-1: Ball 1-1: Called Strike 1-2: Foul Ball, location: 2F 1-2: SINGLE (Groundball, 34D)
|
Batting: RHB A.C. Carlson
|
0-0: Foul Ball, location: 2F 0-1: Swinging Strike 0-2: Foul Ball, location: 2F 0-2: Strikes out swinging
|
Batting: LHB Reginald Rush
|
0-0: Swinging Strike 0-1: Fly out, F9 (Flyball, 89M)
|
Batting: RHB Eric Hawkins
|
0-0: Ball 1-0: Ball 2-0: Ball 3-0: Called Strike 3-1: Base on Balls Kevin Magee to second
|
Batting: LHB Andrew Holt
|
0-0: Ball 1-0: Foul Ball, location: 2F 1-1: Called Strike 1-2: Strikes out looking
|
Bottom of the 9th over - 0 run(s), 1 hit(s), 0 error(s), 2 left on base; Washington 7 - Miami 2 |
|